 Dungeon Crawl Stone Soup version 0.29.1-15-g9cfb28693d (webtiles) character file.

Game seed: 2338126174966714765

4 GeoRichter the Grasshopper (level 1, 0/16 HPs)
             Began as a Demonspawn Warper on Mar 20, 2023.
             Slain by a goblin
             ... wielding a +0 dagger
              (1 damage)
             ... on level 1 of the Dungeon.
             The game lasted 00:00:27 (73 turns).

GeoRichter the Grasshopper (Demonspawn Warper)        Turns: 73, Time: 00:00:27

Health: 0/16       AC:  3    Str: 11    XL:     1   Next: 58%
Magic:  3/3        EV: 11    Int: 14    God:
Gold:   0          SH:  0    Dex: 12    Spells: 4/4 levels left

rFire   . . .      SeeInvis .   a - +0 spear
rCold   . . .      Faith    .   (no shield)
rNeg    . . .      Spirit   .   b - +0 leather armour
rPois   .          Reflect  .   (no helmet)
rElec   .          Harm     .   (no cloak)
rCorr   .          Rampage  .   (no gloves)
Will    .....                   (no boots)
Stlth   +.........              (no amulet)
HPRegen 0.05/turn               (no ring)
MPRegen 0.08/turn               (no ring)

@: no status effects
A: no striking features
a: no special abilities


You were on level 1 of the Dungeon.
You visited 1 branch of the dungeon, and saw 1 of its levels.

Inventory:

Hand Weapons
 a - a +0 spear (weapon)
Missiles
 d - 7 boomerangs of dispersal (quivered) {!f}
Armour
 b - a +0 leather armour (worn)


   Skills:
 - Level 2.0 Fighting
 * Level 2.2 Polearms
 - Level 0.8 Throwing
 - Level 0.8 Armour
 - Level 1.7 Dodging
 - Level 2.0 Spellcasting
 - Level 2.6 Translocations


You had 4 spell levels left.
You didn't know any spells.
Your spell library contained the following spells:

 Spells                   Type           Power      Damage    Failure   Level
 Blink                    Tloc           16%        N/A       16%         2
 Gell's Gravitas          Tloc           8%         N/A       30%         3
 Lesser Beckoning         Tloc           8%         N/A       30%         3
 Teleport Other           Tloc           8%         N/A       30%         3
 Manifold Assault         Tloc           8%         N/A       96%         5


Dungeon Overview and Level Annotations

Branches:
Dungeon (1/15) Zot: 5926

Altars:


Message History

A ball python comes into view.
The ball python hisses angrily.
A ball python is nearby!
A ball python is nearby!
A hobgoblin comes into view.
You reach to attack!
The hobgoblin shouts!
You hit the ball python but do no damage.
You hit the ball python.
You kill the ball python!
Found an escape hatch in the floor.
A quokka comes into view.
A goblin comes into view. It is wielding a +0 dagger.
You closely miss the hobgoblin. The hobgoblin hits you.
You barely miss the hobgoblin.
The goblin shouts!
The hobgoblin hits you.
You hit the hobgoblin but do no damage. The hobgoblin hits you.
You hit the hobgoblin.
The hobgoblin hits you but does no damage.
You closely miss the hobgoblin. The quokka closely misses you.
The hobgoblin hits you but does no damage.
The quokka bites you but does no damage.
You hit the hobgoblin.
You kill the hobgoblin!
The quokka barely misses you.
You closely miss the quokka. The quokka bites you.
* * * LOW HITPOINT WARNING * * *
The goblin completely misses you. The goblin attacks as you move away!
The goblin hits you with a +0 dagger.
* * * LOW HITPOINT WARNING * * *
You aren't carrying any potions.
Blink to where?
As you read the scroll of blinking, it crumbles to dust.
The quokka attacks as you move away! The quokka closely misses you.
You completely miss the quokka. The quokka closely misses you.
You closely miss the quokka. The quokka bites you.
* * * LOW HITPOINT WARNING * * *
You closely miss the quokka. The quokka barely misses you.
You hit the quokka. The quokka closely misses you. x2
You hit the quokka. The quokka barely misses you.
The goblin hits you but does no damage.
You barely miss the quokka.
The quokka bites you but does no damage.
The goblin hits you with a +0 dagger.
* * * LOW HITPOINT WARNING * * *
You hit the quokka.
You kill the quokka!
The goblin hits you with a +0 dagger.
You die...

..# ...
###.##################
.........................#
..........[.g...........#
#...#####...####...##...#
#...# #...# #...##...#
#...# #...####........#
#.?.#####......@g<......#
##$......................#
...†.r.........#######...#
.....g)#####...# #...#
####...# #...# #...# #...#
#.†.# #...#
#...#####...#######...#
......................#
..............)........#


You could see a goblin.

Vanquished Creatures
  A ball python (D:1)
  A hobgoblin (D:1)
  A kobold (D:1)
  A quokka (D:1)
  A bat (D:1)
5 creatures vanquished.

Notes
Turn   | Place    | Note
-------+----------+-------------------------------------------
     0 | D:1      | GeoRichter the Demonspawn Warper began the quest for the
                  | Orb.
     0 | D:1      | Reached XP level 1. HP: 16/16 MP: 3/3
    73 | D:1      | Slain by a goblin

Illustrated notes

Levels and vault maps discovered:
D:1:      dpeg_arrival_boxorama, layout_basic, corexii_leaking_fountain

Skill      XL: |  1 |
---------------+----+-----
Polearms       | 2 |  2.2
Fighting       | |  2.0
Throwing       | |  0.8
Armour         | |  0.8
Dodging        | |  1.7
Spellcasting   | |  2.0
Translocations | |  2.6

Action                   || total
-------------------------++-------
Melee: Spear             ||    23
  Use: Scroll            ||     1
Armor: Leather armour    ||     7
Dodge: Dodged            ||    12
